[Event "*** Titled Tuesday Blitz"]
[Site "Chess.com"]
[Date "2018.06.05"]
[Round "7"]
[White "PowerThinking2650"]
[Black "VNeimer"]
[Result "0-1"]
[WhiteElo "2325"]
[BlackElo "2493"]
[TimeControl "180+2"]
[EndTime "14:37:58 PDT"]
[Termination "VNeimer won by resignation"]

1. e4 c5 2. Nf3 Nc6 3. Nc3 e5 4. Bc4 d6 5. d3 Be7 6. Nd2 Nf6 7. Nf1 Nd7 8. a4 O-O 9. Ne3 Nb6 10. Ba2 Kh8 11.
O-O Be6 12. Ned5 Bg5 13. Bxg5 Qxg5 14. Nc7 Bh3 15. Qf3 Bg4 16. Qg3 Rac8 17. N7d5 h6 18. h3 Be6 19. Qxg5 hxg5 20. Nxb6 axb6 21. Nb5 Bxa2 22.
Rxa2 Nb4 23. Rd1 Nxa2 24. c3 Ra8 25. b3 Ra5 26. Kf1 Rxb5 27. axb5 Nxc3 0-1

[Event "*** Titled Tuesday Blitz"]
[Site "Chess.com"]
[Date "2018.06.05"]
[Round "7"]
[White "GoingKronos"]
[Black "orrbaverlekszarnyon"]
[Result "1-0"]
[WhiteElo "2332"]
[BlackElo "2225"]
[TimeControl "180+2"]
[EndTime "14:38:02 PDT"]
[Termination "GoingKronos won by resignation"]

1. Nf3 c5 2. e4 d6 3. c3 Nf6 4. Be2 g6 5. O-O Bg7 6. Bb5+ Bd7 7. Bxd7+ Qxd7 8. Re1 Nc6 9. d4 cxd4 10. cxd4 d5 11. e5 Ne4 12. Nc3 Nxc3 13. bxc3 O-O 14. Bg5 Rfc8 15.
Qd2 Na5 16. Rac1 Rc6 17. e6 Rxe6 18. Rxe6 Qxe6 19. Re1 Qc6 20. Rxe7 Re8 21. Qe3 Rxe7 22. Qxe7 h6 23. Qd8+ Kh7 24. Qxa5 hxg5 25. Nxg5+ Kg8 26. h4 b6 27. Qxa7 Qxc3 28. Qxf7+ Kh8 29. Qe8+ 1-0

[Event "*** Titled Tuesday Blitz"]
[Site "Chess.com"]
[Date "2018.06.05"]
[Round "7"]
[White "igorkovalenko"]
[Black "AndreyOstrovskiy"]
[Result "1-0"]
[WhiteElo "2845"]
[BlackElo "2672"]
[TimeControl "180+2"]
[EndTime "14:38:08 PDT"]
[Termination "igorkovalenko won by resignation"]

1. d4 Nf6 2. Nf3 e6 3. e3 d5 4. Bd3 c5 5. b3 Nc6 6. O-O Be7 7. dxc5 Bxc5 8. Bb2 O-O 9. Nbd2 Nb4 10. Be2 b6 11. a3 Nc6 12. b4 Bd6 13. c4 Bb7 14.
Rc1 dxc4 15. Nxc4 Be7 16. b5 Na5 17. Nxa5 bxa5 18. Qa4 Rc8 19. Rxc8 Bxc8 20. Rd1 Qc7 21. Rc1 Qd8 22. Bd4 Qd6 23. Qxa5 Qxa3 24. Qxa3 Bxa3 25. Ra1 Bb4 26. Rxa7 Nd7 27. h4 h6 28. b6 Bc5 29. Rxd7 Bxd7 30. Bxc5 Rb8 31. Ne5 Bc8 32. Nc6 Ra8 33. Ne7+ 1-0

[Event "*** Titled Tuesday Blitz"]
[Site "Chess.com"]
[Date "2018.06.05"]
[Round "7"]
[White "mazetofonias"]
[Black "gmjlh"]
[Result "1/2-1/2"]
[WhiteElo "2546"]
[BlackElo "2618"]
[TimeControl "180+2"]
[EndTime "14:38:38 PDT"]
[Termination "Game drawn by agreement"]

1. d4 d5 2. c4 e6 3. Nf3 Nf6 4.
g3 Bb4+ 5. Bd2 Be7 6. Bg2 O-O 7. O-O c6 8. Qc2 Nbd7 9. Bg5 h6 10. Bxf6 Nxf6 11. Nbd2 Bd7 12. e4 dxc4 13. Nxc4 c5 14. Rad1 cxd4 15. Nxd4 Qc7 16. Qe2 Rfc8 17. Rc1 b5 18. e5 Nd5 19. Bxd5 exd5 20. Nd6 Qxc1 21. Rxc1 Rxc1+ 22. Kg2 Bxd6 23. exd6 Re8 24. Qd2 Ree1 25. Nf3 Red1 26. Qa5 1/2-1/2

[Event "*** Titled Tuesday Blitz"]
[Site "Chess.com"]
[Date "2018.06.05"]
[Round "7"]
[White "Quiet_Desperation"]
[Black "ChainsOfFantasia"]
[Result "1-0"]
[WhiteElo "2385"]
[BlackElo "2396"]
[TimeControl "180+2"]
[EndTime "14:38:52 PDT"]
[Termination "Quiet_Desperation won by resignation"]

1. e4 c6 2. Nf3 d5 3. Nc3 Nf6 4. e5 Ne4 5. h3 Qb6 6. d4 f6 7.
Bd3 Nxc3 8. bxc3 Nd7 9. O-O e6 10. Nh4 fxe5 11. Qh5+ Kd8 12. Ng6 Nf6 13. Qh4 Rg8 14.
Nxf8 Rxf8 15. dxe5 Bd7 16. exf6 gxf6 17. Be3 Qa5 18.
Qxh7 Kc7 19. Rab1 b6 20. c4 Qxa2 21. cxd5 cxd5 22. c4 dxc4 23. Bxc4 Qa5 24. Rfc1 Rad8 25. Bxe6+ Kd6 26. Bxd7 Qe5 27. Rc6+ Kd5 28. Rd1+ 1-0

[Event "*** Titled Tuesday Blitz"]
[Site "Chess.com"]
[Date "2018.06.05"]
[Round "7"]
[White "Siemba"]
[Black "sari07"]
[Result "1-0"]
[WhiteElo "2032"]
[BlackElo "2138"]
[TimeControl "180+2"]
[EndTime "14:38:53 PDT"]
[Termination "Siemba won by resignation"]

1. e4 g6 2. d4 Bg7 3. Nc3 d5 4. exd5 Nf6 5. Bc4 O-O 6. Nf3 Nbd7 7. O-O Nb6 8. Qe2 Bg4 9. Bb3 a5 10. a4 c6 11. dxc6 bxc6 12. h3 Bc8 13. Rd1 Ba6 14.
Qe1 Nfd5 15. Nxd5 cxd5 16. Bf4 Nc4 17. Bxc4 Bxc4 18. b3 Ba6 19. Ne5 Rc8 20. Rac1 f6 21. Nxg6 hxg6 22. Qe6+ Kh7 23. Qxa6 e5 24. dxe5 fxe5 25.
Bg3 Rc3 26. Rd3 e4 27. Rxc3 Bxc3 28. Rd1 e3 29. fxe3 d4 30. Be5 Qe7 31. exd4 Qf7 32. Qe2 1-0

[Event "*** Titled Tuesday Blitz"]
[Site "Chess.com"]
[Date "2018.06.05"]
[Round "7"]
[White "Infernal_XaM"]
[Black "penguingm1"]
[Result "1-0"]
[WhiteElo "2753"]
[BlackElo "2696"]
[TimeControl "180+2"]
[EndTime "14:39:03 PDT"]
[Termination "Infernal_XaM won by resignation"]

1. d4 d5 2. c4 e6 3. Nc3 Be7 4. Nf3 Nf6 5. Bf4 O-O 6. Rc1 Nbd7 7. cxd5 exd5 8. e3 c6 9. Bd3 Nh5 10. Be5 Re8 11. Nxd5 cxd5 12. Bc7 Bb4+ 13. Kf1 Qe7 14. h4 Ndf6 15. Ne5 g6 16. g4 Ng7 17. h5 Bd6 18. hxg6 hxg6 19. Bxd6 Qxd6 20. Rh8+ Kxh8 21. Nxf7+ Kh7 22.
Nxd6 Bxg4 23. Nxe8 Rxe8 24. Qb3 Re7 25. Qb4 Rf7 26. Kg2 Ngh5 27. Qa5 b6 28. Qb4 Ng7 29. Qd6 Nf5 30. Qh2+ Kg7 31. Rc7 Nh4+ 32. Kf1 1-0

[Event "*** Titled Tuesday Blitz"]
[Site "Chess.com"]
[Date "2018.06.05"]
[Round "7"]
[White "JosefineHeinemann"]
[Black "RDMGUY01"]
[Result "1-0"]
[WhiteElo "2326"]
[BlackElo "2373"]
[TimeControl "180+2"]
[EndTime "14:39:04 PDT"]
[Termination "JosefineHeinemann won by resignation"]

1. e4 c5 2. Nf3 d6 3. d4 cxd4 4. Nxd4 Nf6 5. Nc3 a6 6. Be3 e6 7. g4 h6 8. f3 b5 9. Qd2 Bb7 10.
O-O-O Nbd7 11. Bd3 b4 12. Nce2 d5 13. exd5 Nxd5 14. Nf4 Bc5 15. Nxd5 Bxd5 16. Rhf1 Qb6 17. Be4 Nf6 18. Kb1 Nxe4 19. fxe4 Bc4 20. Nb3 Rd8 21. Qxd8+ Qxd8 22. Rxd8+ Kxd8 23. Rd1+ Kc7 24. Nxc5 a5 25.
Nd3 f6 26. b3 Bb5 27. a3 bxa3 28. Ka2 h5 29. g5 Bc6 30. gxf6 gxf6 31. e5 f5 32. Kxa3 Be4 33. Nc5 Bxc2 34. Nxe6+ Kb7 35.
Rd7+ Kc6 36. Rd6+ Kb7 37. Nc5+ Kc7 38. Na6+ Kb7 39. Rb6+ Ka8 40. Nc7+ Ka7 41. Rh6+ 1-0

[Event "*** Titled Tuesday Blitz"]
[Site "Chess.com"]
[Date "2018.06.05"]
[Round "7"]
[White "tteshan"]
[Black "djano"]
[Result "1-0"]
[WhiteElo "1983"]
[BlackElo "2361"]
[TimeControl "180+2"]
[EndTime "14:39:11 PDT"]
[Termination "tteshan won by resignation"]

1. d4 Nf6 2. c4 g6 3. Nc3 d5 4. cxd5 Nxd5 5. e4 Nxc3 6. bxc3 Bg7 7. Be3 c5 8. Qd2 cxd4 9. cxd4 Nc6 10. Nf3 O-O 11.
Be2 Bg4 12. Rd1 Bxf3 13. Bxf3 e5 14. d5 Nd4 15. Bxd4 exd4 16. O-O Rc8 17. Rfe1 Re8 18. Qd3 Qd6 19. g3 Rc3 20. Qe2 f5 21. Qb5 Re7 22. Bg2 a6 23. Qa5 fxe4 24. Bxe4 Rxe4 25. Rxe4 h5 26. Re8+ Kh7 27. Qd8 Qc5 28. d6 d3 29.
d7 Rc2 30. Rf1 Rxf2 31. Rxf2 d2 32. Rh8+ Bxh8 33. Qxh8+ Kxh8 34. d8=Q+ Kh7 35. Qxd2 1-0

[Event "*** Titled Tuesday Blitz"]
[Site "Chess.com"]
[Date "2018.06.05"]
[Round "7"]
[White "AlexanderL"]
[Black "Andreikka"]
[Result "0-1"]
[WhiteElo "2730"]
[BlackElo "2811"]
[TimeControl "180+2"]
[EndTime "14:39:14 PDT"]
[Termination "Andreikka won by checkmate"]

1. Nf3 d5 2. e3 Nf6 3. c4 c6 4.
Nc3 e6 5. b3 Nbd7 6. Bb2 b6 7.
d4 Bb7 8. Bd3 Bd6 9. O-O O-O 10.
Qe2 Qe7 11. Rad1 Rad8 12. e4 dxe4 13. Nxe4 Nxe4 14. Qxe4 Nf6 15. Qh4 h6 16. Rfe1 Rfe8 17. Ne5 c5 18. dxc5 Bxc5 19. Bc2 Rxd1 20. Rxd1 Rd8 21.
Rxd8+ Qxd8 22. Qf4 Be4 23. Nxf7 Kxf7 24. Bxf6 gxf6 25.
Qxe4 Qd2 26. Qh7+ Kf8 27. Qh8+ Kf7 28. Qh7+ Ke8 29. Bg6+ Kd8 30. Qg8+ Kc7 31. Qf7+ Kd6 32. h3 Bxf2+ 33. Kh2 Qf4+ 34. Kh1 Qc1+ 35. Kh2 Qg1# 0-1

[Event "*** Titled Tuesday Blitz"]
[Site "Chess.com"]
[Date "2018.06.05"]
[Round "7"]
[White "nOcHeaTiNgKiD"]
[Black "PaulfromSPb"]
[Result "1/2-1/2"]
[WhiteElo "2345"]
[BlackElo "2424"]
[TimeControl "180+2"]
[EndTime "14:39:17 PDT"]
[Termination "Game drawn - insufficient material"]

1. Nf3 Nf6 2. d4 d5 3. c4 dxc4 4. e3 a6 5. Bxc4 e6 6. O-O c5 7. b3 b5 8. Be2 Bb7 9. Bb2 Nbd7 10. Nbd2 Bd6 11. a4 Qb6 12. axb5 axb5 13. Rxa8+ Bxa8 14. dxc5 Bxc5 15. b4 Bxb4 16. Qb3 Bxd2 17. Nxd2 O-O 18.
Bd4 Qb7 19. Bf3 Nd5 20. Rb1 b4 21. Bxd5 Qxd5 22. Qxd5 Bxd5 23. Rxb4 Rc8 24. f3 Rc2 25. Rb2 Rc1+ 26. Kf2 e5 27. Bxe5 f6 28. Bd4 Kf7 29. e4 Be6 30. f4 g6 31. Nf3 Rc4 32. Rd2 h5 33. h3 Ra4 34. Bb2 Rxe4 35. Rd4 Nc5 36. Rxe4 Nxe4+ 37. Ke3 Bd5 38. g4 hxg4 39. hxg4 Nd6 40. Bd4 Bxf3 41. Kxf3 Nb5 42. Bb2 Ke6 43. f5+ gxf5 44. gxf5+ Kxf5 45. Bxf6 Kxf6 1/2-1/2

[Event "*** Titled Tuesday Blitz"]
[Site "Chess.com"]
[Date "2018.06.05"]
[Round "7"]
[White "OK97"]
[Black "Doraemon7"]
[Result "1-0"]
[WhiteElo "2662"]
[BlackElo "2419"]
[TimeControl "180+2"]
[EndTime "14:39:19 PDT"]
[Termination "OK97 won by resignation"]

1. c4 c6 2. d4 d5 3. cxd5 cxd5 4.
Bg5 Qb6 5. Nc3 e6 6. Qd2 Be7 7. Bxe7 Nxe7 8. e3 Nbc6 9. Bd3 Bd7 10. f4 Na5 11. Nf3 Nf5 12. Ne5 Nd6 13. Nxd7 Kxd7 14. Na4 Qd8 15. b3 Rc8 16. O-O Ke7 17. Rac1 Nc6 18. Qf2 f5 19. g4 g6 20. gxf5 gxf5 21.
Kh1 Kf7 22. Rg1 Qf6 23. Nc5 Ne7 24. Nd7 Qh6 25. Ne5+ Ke8 26. Rxc8+ Nexc8 27. Qc2 Kd8 28. Rc1 Qg7 29. Qf2 Ne7 30. Rg1 Qh6 31. Qc2 Ng6 32. Qc5 Nc8 33. Nf7+ 1-0

[Event "*** Titled Tuesday Blitz"]
[Site "Chess.com"]
[Date "2018.06.05"]
[Round "7"]
[White "SamCopeland"]
[Black "nicegg"]
[Result "1-0"]
[WhiteElo "2035"]
[BlackElo "1890"]
[TimeControl "180+2"]
[EndTime "14:39:21 PDT"]
[Termination "SamCopeland won by checkmate"]

1. e4 e5 2. Nf3 Nc6 3. Bc4 Nf6 4. d4 exd4 5. O-O d6 6. Ng5 Ne5 7. Qxd4 h6 8. Nf3 Nxf3+ 9. gxf3 Bh3 10. Re1 Be7 11.
Kh1 O-O 12. Rg1 Kh8 13. Nc3 Nh5 14. Bxh6 Bf6 15. Qd5 Be5 16. Bg5 Qd7 17. f4 Bxf4 18. Bxf4 Nxf4 19. Qg5 Bg2+ 20. Rxg2 Nxg2 21. Rg1 f6 22. Qh5# 1-0

[Event "*** Titled Tuesday Blitz"]
[Site "Chess.com"]
[Date "2018.06.05"]
[Round "7"]
[White "nubair1198"]
[Black "Rish_97"]
[Result "1-0"]
[WhiteElo "2532"]
[BlackElo "2301"]
[TimeControl "180+2"]
[EndTime "14:39:24 PDT"]
[Termination "nubair1198 won by resignation"]

1. c4 c5 2. g3 Nc6 3. Bg2 g6 4. h4 h6 5. d3 Bg7 6. Nc3 d6 7. Rb1 Bg4 8. Bd2 Rc8 9. a3 Nf6 10. b4 b6 11. Qa4 Qd7 12. Nh3 O-O 13. Nf4 Kh7 14. f3 Be6 15. O-O Nd4 16. Qxd7 Bxd7 17. e3 Nf5 18. Kf2 e6 19. Rh1 Bc6 20. g4 Ne7 21. g5 Nd7 22. h5 hxg5 23. hxg6+ Kg8 24.
gxf7+ Rxf7 25. Nxe6 Bxf3 26. Bxf3 Ne5 27. Nxg5 Nxf3 28.
Nxf3 Rcf8 29. Rh3 Nc6 30. Ke2 1-0

[Event "*** Titled Tuesday Blitz"]
[Site "Chess.com"]
[Date "2018.06.05"]
[Round "7"]
[White "julinha97"]
[Black "DiogenesSinopeus"]
[Result "0-1"]
[WhiteElo "2201"]
[BlackElo "2430"]
[TimeControl "180+2"]
[EndTime "14:39:26 PDT"]
[Termination "DiogenesSinopeus won by resignation"]

1. e4 e5 2. Nf3 Nc6 3. Bb5 a6 4. Ba4 d6 5. c3 f5 6. exf5 Bxf5 7. O-O Bd3 8. Re1 Be7 9. Re3 e4 10. Ne1 Bg5 11. Rg3 Bh4 12. Rh3 Bxf2+ 13. Kxf2 Qf6+ 14. Nf3 Nh6 15. Kg1 O-O 16. Bxc6 bxc6 17. Na3 Rae8 18. Nc2 exf3 19. Rxf3 Qg6 20. Ne3 Ng4 21. Nxg4 Qxg4 22. Rxf8+ Rxf8 23. Qe1 Qf5 24. h3 Qd5 25. Kh2 h6 26. b3 Rf1 27. Qe8+ Kh7 28. Bb2 Rf2 29.
Rg1 Bf1 0-1

[Event "*** Titled Tuesday Blitz"]
[Site "Chess.com"]
[Date "2018.06.05"]
[Round "7"]
[White "vugarrasulov"]
[Black "Paralinch"]
[Result "1-0"]
[WhiteElo "2763"]
[BlackElo "2833"]
[TimeControl "180+2"]
[EndTime "14:39:29 PDT"]
[Termination "vugarrasulov won by resignation"]

1. e4 c6 2. d4 d5 3. Nc3 dxe4 4.
Nxe4 Bf5 5. Nc5 Nd7 6. Nb3 e6 7. Nf3 Ngf6 8. Bd3 Bg6 9. O-O Bd6 10. c4 O-O 11. Qe2 Re8 12. Bxg6 hxg6 13. Rd1 Qc7 14. h3 c5 15. dxc5 Nxc5 16. Nbd4 a6 17. Be3 e5 18. Nc2 e4 19. Nfe1 Be5 20. Bd4 Na4 21. b3 Nc3 22. Bxc3 Bxc3 23. Rac1 Bb2 24. Rb1 Be5 25. Ne3 Rad8 26. Rxd8 Rxd8 27. Rd1 Bf4 28. N1c2 Re8 29. Nd5 Nxd5 30. Rxd5 f5 31. Ne3 Bxe3 32. Qxe3 f4 33.
Qd4 Re7 34. Rd8+ Kh7 35. Qd5 Qe5 36. Qg8+ Kh6 37. Qh8+ Kg5 38. Rd5 e3 39. Rxe5+ Rxe5 40. fxe3 fxe3 41. Kf1 1-0

[Event "*** Titled Tuesday Blitz"]
[Site "Chess.com"]
[Date "2018.06.05"]
[Round "7"]
[White "Kimster98"]
[Black "Xeniya2005"]
[Result "1-0"]
[WhiteElo "2541"]
[BlackElo "1935"]
[TimeControl "180+2"]
[EndTime "14:39:29 PDT"]
[Termination "Kimster98 won by resignation"]

1. Nf3 Nf6 2. c4 g6 3. Nc3 Bg7 4. e4 d6 5. d4 O-O 6. Be2 e5 7. O-O Nc6 8. d5 Ne7 9. b4 a5 10. Ba3 axb4 11. Bxb4 Nd7 12. Nd2 f5 13. Nb3 b6 14. a4 fxe4 15. Nxe4 Nf5 16. Bc3 Nf6 17. Nbd2 Bd7 18. Nxf6+ Bxf6 19. Ne4 Bg7 20. h3 Ra7 21. a5 bxa5 22. Rxa5 Qa8 23. Rxa7 Qxa7 24. Qa1 Ra8 25. Qxa7 Rxa7 26. Rb1 h6 27. c5 Kf7 28. g4 Nd4 29. Bxd4 exd4 30. cxd6 cxd6 31. Nxd6+ Ke7 32. Nc4 Bf6 33. Bd3 Kf7 34. f4 Kg7 35. Ne5 Be8 36. d6 Bxe5 37. fxe5 Bd7 38. Rc1 Kf7 39. Bc4+ Be6 40.
Rf1+ Ke8 41. Bxe6 1-0

[Event "*** Titled Tuesday Blitz"]
[Site "Chess.com"]
[Date "2018.06.05"]
[Round "7"]
[White "saraswathii"]
[Black "Sameer555"]
[Result "1-0"]
[WhiteElo "2306"]
[BlackElo "2183"]
[TimeControl "180+2"]
[EndTime "14:39:31 PDT"]
[Termination "saraswathii won on time"]

1. e4 c6 2. d3 d5 3. Nd2 e6 4. Ngf3 Nf6 5. g3 Nbd7 6. Bg2 Bd6 7. O-O O-O 8. Qe2 e5 9. Rd1 Re8 10. Nf1 Qc7 11. Nh4 Nf8 12. Ne3 g6 13. exd5 cxd5 14. Nxd5 Nxd5 15. Bxd5 Kg7 16. c3 f5 17. Be3 Bd7 18.
Bg2 Rad8 19. Nf3 h6 20. Qc2 Bc6 21. d4 e4 22. Nd2 b5 23. Rac1 g5 24. d5 f4 25.
Bd4+ Kg8 26. dxc6 e3 27. Ne4 exf2+ 28. Qxf2 1-0

[Event "*** Titled Tuesday Blitz"]
[Site "Chess.com"]
[Date "2018.06.05"]
[Round "7"]
[White "TheCount"]
[Black "gkchesstiger"]
[Result "0-1"]
[WhiteElo "2542"]
[BlackElo "2787"]
[TimeControl "180+2"]
[EndTime "14:39:33 PDT"]
[Termination "gkchesstiger won by resignation"]

1. b3 Nf6 2. Bb2 g6 3. Nf3 Bg7 4. g3 O-O 5. Bg2 d5 6. O-O c5 7. e3 Nc6 8. c4 d4 9. exd4 Ng4 10. h3 Nxd4 11. Bxd4 Bxd4 12. Nc3 Nf6 13. Qe2 Bxc3 14. dxc3 Qc7 15. Rfe1 Re8 16. Rad1 Bd7 17. Ne5 Rad8 18. Qf3 Bc8 19. Qe3 Kg7 20. Nd3 b6 21. Nf4 e6 22. h4 h6 23. h5 g5 24. Nh3 Rxd1 25. Rxd1 Rd8 26. Re1 Ng4 27. Qf3 f5 28.
Qe2 Qd6 29. f4 Qd3 30. fxg5 Qxg3 31. gxh6+ Kxh6 32. Qf3 Qxe1+ 0-1

[Event "*** Titled Tuesday Blitz"]
[Site "Chess.com"]
[Date "2018.06.05"]
[Round "7"]
[White "Hrant_ChessMood"]
[Black "lionheart95"]
[Result "1-0"]
[WhiteElo "2917"]
[BlackElo "2391"]
[TimeControl "180+2"]
[EndTime "14:39:36 PDT"]
[Termination "Hrant_ChessMood won by resignation"]

1. e4 e5 2. Nf3 Nc6 3. Bb5 g6 4. d4 exd4 5. Bg5 Be7 6. Bxe7 Qxe7 7. Bxc6 dxc6 8. Qxd4 Nf6 9. Nc3 Bg4 10. Nd2 c5 11.
Qe3 O-O-O 12. f3 Bd7 13. O-O-O Bc6 14. g4 b6 15. h4 Rd4 16. Nb3 Rxd1+ 17. Rxd1 Rd8 18.
Rxd8+ Qxd8 19. Ne2 h5 20. g5 Nd7 21. Nd2 Qe7 22.
Qf4 Ne5 23. Nc3 Qd6 24. Qe3 a5 25. a3 a4 26. Ne2 Kb7 27. Nf4 Qd4 28. Qxd4 cxd4 29.
Ne2 d3 30. Nc3 dxc2 31. Kxc2 b5 32. f4 Ng4 33. Kd3 Kb6 34. f5 Kc5 35. b4+ axb3 36. Nxb3+ Kd6 37. Nd4 Ne5+ 38. Ke3 Nc4+ 39. Kf4 Nxa3 40.
e5+ Kc5 41. Nxc6 Kxc6 42. e6 Kd6 43. exf7 Ke7 44. fxg6 c6 45. Ne4 Nc4 46. Nf6 Nd6 47. g7 1-0

[Event "*** Titled Tuesday Blitz"]
[Site "Chess.com"]
[Date "2018.06.05"]
[Round "7"]
[White "Iball95"]
[Black "Margency"]
[Result "1-0"]
[WhiteElo "2566"]
[BlackElo "2592"]
[TimeControl "180+2"]
[EndTime "14:39:46 PDT"]
[Termination "Iball95 won by resignation"]

1. d4 Nf6 2. Bf4 g6 3. Nc3 Bg7 4. e4 d6 5. Qd2 Nc6 6. Bb5 a6 7. Bxc6+ bxc6 8. Bh6 Bxh6 9. Qxh6 Be6 10. Nf3 Qb8 11.
Rb1 Qb6 12. O-O O-O-O 13. b4 Ng4 14. Qd2 Bc4 15. Rfe1 e5 16. a4 exd4 17. Nxd4 h5 18.
b5 cxb5 19. axb5 axb5 20. Ndxb5 Qc5 21. h3 Ne5 22. Na4 Qxb5 23. Rxb5 Bxb5 24. Qa5 Bc6 25.
f4 Nd7 26. Rb1 Nf6 27. Qa6+ Kd7 28. Nc5+ dxc5 29. Rd1+ Ke7 30. Rxd8 Rxd8 31. Qxc6 Rd7 32. Qxc5+ Ke8 33. Qe5+ 1-0

[Event "*** Titled Tuesday Blitz"]
[Site "Chess.com"]
[Date "2018.06.05"]
[Round "7"]
[White "HanSchut"]
[Black "LornerAcosta"]
[Result "1-0"]
[WhiteElo "2264"]
[BlackElo "2297"]
[TimeControl "180+2"]
[EndTime "14:39:47 PDT"]
[Termination "HanSchut won by checkmate"]

1. e4 c5 2. Nf3 Nc6 3. d4 cxd4 4.
Nxd4 Nf6 5. Nc3 e6 6. Ndb5 Bb4 7. a3 Bxc3+ 8. Nxc3 d5 9. exd5 exd5 10. Bd3 O-O 11.
O-O d4 12. Ne2 Bg4 13. f3 Bh5 14. b4 a6 15. Bb2 Qd6 16. Kh1 Rad8 17. Qd2 Rfe8 18.
Rad1 b5 19. Ng3 Bg6 20. Rfe1 Nd5 21. Bxg6 Rxe1+ 22. Qxe1 Qxg6 23. Bxd4 Qxc2 24. Ba1 h6 25. Nh5 f6 26. Rxd5 Rxd5 27. Qe8+ Kh7 28. Nxf6+ gxf6 29. Qf7+ Kh8 30. Bxf6# 1-0

[Event "*** Titled Tuesday Blitz"]
[Site "Chess.com"]
[Date "2018.06.05"]
[Round "7"]
[White "BasilSmash"]
[Black "jacky72"]
[Result "0-1"]
[WhiteElo "2408"]
[BlackElo "2637"]
[TimeControl "180+2"]
[EndTime "14:39:47 PDT"]
[Termination "jacky72 won by resignation"]

1. d4 d5 2. Bf4 Nf6 3. e3 Bf5 4. c4 e6 5. Nc3 c6 6. Nf3 Bd6 7.
Bg3 Bxg3 8. hxg3 h6 9. Bd3 Bxd3 10. Qxd3 Nbd7 11. O-O O-O 12. Rfe1 Rc8 13. Rad1 dxc4 14. Qxc4 Qa5 15. b4 Nb6 16. Qb3 Qh5 17. e4 Ng4 18. a4 Rcd8 19. Ne2 e5 20. dxe5 Nxe5 21. a5 Nxf3+ 22.
gxf3 Nd7 23. Kg2 Nf6 24. Qc3 Rxd1 25. Rxd1 Nxe4 26. Qd4 Ng5 27. Qg4 Qxg4 28. fxg4 Re8 29. Nc3 Ne4 30. Na4 Nf6 31. Nc5 b6 32. axb6 axb6 33.
Nd7 Nxd7 34. Rxd7 Re4 35. Rd6 Rxg4 36. f4 Rg6 37. Rd8+ Kh7 38. Rd7 Rf6 39. Rb7 b5 40. Kf3 g5 41. Ke4 gxf4 42. gxf4 Kg7 43. Rc7 h5 44. f5 h4 45. Kf4 Rh6 46. Rd7 h3 47. Rd1 h2 48. Rh1 Kf6 0-1

[Event "*** Titled Tuesday Blitz"]
[Site "Chess.com"]
[Date "2018.06.05"]
[Round "7"]
[White "ChessWarrior7197"]
[Black "saikrishnaReturns"]
[Result "1-0"]
[WhiteElo "2687"]
[BlackElo "2635"]
[TimeControl "180+2"]
[EndTime "14:39:48 PDT"]
[Termination "ChessWarrior7197 won by checkmate"]

1. d4 Nf6 2. Bf4 c5 3. c3 g6 4. Nf3 Bg7 5. Nbd2 d6 6. e3 Nh5 7. Bg5 h6 8. Bh4 g5 9. Bg3 Nc6 10. Be2 O-O 11. Bd3 f5 12. Nxg5 Nxg3 13. hxg3 hxg5 14.
Qh5 Rf6 15. Qh7+ Kf8 16. Nf3 Be6 17. Nxg5 Bg8 18. Qh3 c4 19. Bc2 Qe8 20. O-O-O e6 21. g4 Ne7 22. gxf5 Nxf5 23. g4 Nh6 24. f4 Nf7 25.
Ne4 Rh6 26. Qf3 Rxh1 27. Rxh1 d5 28. Ng3 b5 29. Nh5 b4 30. Nxg7 Kxg7 31. g5 bxc3 32. bxc3 Nd6 33. Qh3 Ne4 34. Bxe4 dxe4 35. Qh6+ Kf7 36.
Qf6# 1-0

[Event "*** Titled Tuesday Blitz"]
[Site "Chess.com"]
[Date "2018.06.05"]
[Round "7"]
[White "Ar4uha"]
[Black "enriquetejedor"]
[Result "1-0"]
[WhiteElo "2590"]
[BlackElo "2530"]
[TimeControl "180+2"]
[EndTime "14:39:49 PDT"]
[Termination "Ar4uha won by checkmate"]

1. e4 c5 2. Nf3 e6 3. c3 Nc6 4. g3 d6 5. Bg2 Nf6 6. Qe2 Be7 7. O-O O-O 8. d4 b6 9. e5 Nd5 10. c4 Nc7 11. exd6 Bxd6 12. Rd1 Qe7 13. dxc5 Bxc5 14.
Nc3 Bb7 15. Bf4 Rad8 16. Ne4 Nd4 17. Nxd4 Bxd4 18. Qc2 Bxe4 19. Bxe4 g6 20. Rd2 e5 21.
Bh6 Rfe8 22. Rad1 Ne6 23. Bd5 Nc7 24. Bc6 g5 25. Bxe8 Rxe8 26. Qf5 Ne6 27. Re1 f6 28. Kg2 Qb7+ 29. Kg1 Qf7 30. h4 Qh5 31. Qxf6 gxh4 32.
Rxd4 exd4 33. Rxe6 Qd1+ 34. Kg2 h3+ 35. Kh2 Rxe6 36. Qg7# 1-0

[Event "*** Titled Tuesday Blitz"]
[Site "Chess.com"]
[Date "2018.06.05"]
[Round "7"]
[White "fyall777"]
[Black "AndrewDGreen"]
[Result "1-0"]
[WhiteElo "2318"]
[BlackElo "2182"]
[TimeControl "180+2"]
[EndTime "14:39:54 PDT"]
[Termination "fyall777 won by resignation"]

1. d4 Nf6 2. c4 c5 3. d5 b5 4.
cxb5 a6 5. e3 axb5 6. Bxb5 Bb7 7. Nc3 e6 8. e4 exd5 9. exd5 Bd6 10. Qe2+ Kf8 11. Bg5 h6 12. Bxf6 Qxf6 13. Nf3 Na6 14.
O-O Nb4 15. Rfd1 Re8 16. Qc4 Re7 17. a3 Nc2 18. Rac1 Nd4 19. Nxd4 cxd4 20. Qxd4 Be5 21. Qa4 g6 22. Ne4 Qh4 23. g3 Qh5 24. Nc5 Bc8 25.
d6 Re8 26. Bxd7 Bxd7 27. Nxd7+ Kg7 28. Nxe5 Rxe5 29. Qd4 f6 30. d7 Rd8 31. Rc8 Re4 32. Qd3 1-0

[Event "*** Titled Tuesday Blitz"]
[Site "Chess.com"]
[Date "2018.06.05"]
[Round "7"]
[White "PawnEatingZombie"]
[Black "nochewycandy"]
[Result "0-1"]
[WhiteElo "2032"]
[BlackElo "2137"]
[TimeControl "180+2"]
[EndTime "14:40:01 PDT"]
[Termination "nochewycandy won by resignation"]

1. d4 Nf6 2. c4 g6 3. Nc3 Bg7 4. e4 d6 5. Nf3 O-O 6. Be2 e5 7. O-O Nc6 8. d5 Ne7 9. Bg5 h6 10. Bxf6 Bxf6 11. b4 c5 12. bxc5 dxc5 13.
Ne1 Bd7 14. Bg4 Nc8 15. Bxd7 Qxd7 16. Nd3 b6 17. a4 Nd6 18. Qb3 Rab8 19. Rfb1 Bg7 20.
a5 f5 21. f3 fxe4 22. Nxe4 Nxe4 23. fxe4 Qg4 24. Nf2 Qf4 25. Qc2 h5 26. axb6 axb6 27. Re1 Bh6 28. Nd3 Qg4 29. Qe2 Qg5 30. Rab1 Rf6 31. Nxc5 Ra8 32. Ne6 Qh4 33. Rxb6 Ra3 34. Rf1 Be3+ 35. Kh1 Bxb6 36. g3 Rxf1+ 37. Qxf1 Qxe4+ 0-1

[Event "*** Titled Tuesday Blitz"]
[Site "Chess.com"]
[Date "2018.06.05"]
[Round "7"]
[White "korason34"]
[Black "JaimeSantosLatasa"]
[Result "0-1"]
[WhiteElo "2470"]
[BlackElo "2656"]
[TimeControl "180+2"]
[EndTime "14:40:05 PDT"]
[Termination "JaimeSantosLatasa won by resignation"]

1. d4 Nf6 2. c4 e6 3. Nc3 Bb4 4. f3 c5 5. d5 d6 6. e4 b5 7. Bd3 O-O 8. Ne2 Nbd7 9. Be3 bxc4 10. Bxc4 Nb6 11. Qd3 Nxc4 12. Qxc4 exd5 13. exd5 a5 14. Rd1 Re8 15. Kf2 Ba6 16. Qf4 Re5 17. a3 Nh5 18. Qg4 Bxe2 19. Nxe2 Qe7 20. axb4 Rxe3 21. Nc3 Nf6 22. Qf4 Re8 23. Rhf1 axb4 24. Nb5 Re5 25. Qc4 Re2+ 26. Kg1 Rxb2 27. Qf4 Qe2 28. Qg3 Qxb5 0-1

[Event "*** Titled Tuesday Blitz"]
[Site "Chess.com"]
[Date "2018.06.05"]
[Round "7"]
[White "leclash"]
[Black "TBergh98"]
[Result "1-0"]
[WhiteElo "2297"]
[BlackElo "2176"]
[TimeControl "180+2"]
[EndTime "14:40:05 PDT"]
[Termination "leclash won by resignation"]

1. d4 Nf6 2. c4 g6 3. Nc3 d5 4.
h4 c5 5. dxc5 d4 6. Nb5 Nc6 7.
Nf3 e5 8. Bg5 Be7 9. Bxf6 Bxf6 10. Nd6+ Kf8 11. g3 Qa5+ 12. Qd2 Qxc5 13. Ne4 Qe7 14.
Nxf6 Qxf6 15. Bg2 Kg7 16. Ng5 h6 17. Ne4 Qe7 18. c5 f5 19. Nd6 e4 20. b4 Qe5 21.
Rd1 e3 22. Qb2 exf2+ 23. Kxf2 Qe3+ 24. Kf1 f4 25. Bxc6 bxc6 26. Rxd4 Qe5 27. gxf4 Rf8 28. Ne8+ Kh7 29. Rd7+ Bxd7 30. Qxe5 1-0